Map: World of Sleepers LE

Players

Clem - Winner!

  • Race: Terran Terran
  • Spawn Location: 7:00

ShoWTimE

  • Race: Protoss Protoss
  • League: Master
  • Spawn Location: 1:00

Event: NationWars 2019

VOD

Have the link to the VOD?

Description

Time

  • Played on: Dec. 1, 2019, 3:37 p.m.
  • Length: 8:36

All games in this series

Show
View Real Time Build Order
Export as new Build Order

Clem Terran - Winner!

Build Orders: Reaper Expand 

Get SALT Encoding   

  12  0:00  SCV  
  13  0:12  SCV  
  14  0:16  Supply Depot  
  14  0:24  SCV  
  15  0:38  SCV  
  15  0:39  Barracks  
  16  0:43  Refinery  
  16  0:50  SCV  
  17  1:02  SCV  
  18  1:14  SCV  
  19  1:27  Orbital Command, Reaper  
  20  1:42  Command Center  
  20  1:49  Supply Depot  
  20  1:52  SCV  
  21  1:59  Marine  
  22  2:04  SCV  
  23  2:08  Factory  
  23  2:16  SCV  
  23  2:17  Refinery  
  23  2:20  Barracks Reactor  
  24  2:28  SCV  
  25  2:44  SCV  
  26  2:52  Hellion  
  26  2:53  Orbital Command  
  26  2:54  Starport  
  26  2:56  SCV  
  26  2:58  Marine x2  
  31  3:08  SCV  
  31  3:14  Widow Mine  
  31  3:15  Marine x2  
  31  3:19  SCV  
  35  3:20  SCV  
  35  3:27  Barracks  
  35  3:31  SCV, Viking  
  35  3:34  SCV  
  39  3:37  Marine  
  39  3:38  Marine  
  39  3:39  Factory Tech Lab  
  41  3:44  Supply Depot  
  41  3:46  SCV  
  41  3:48  SCV  
  42  3:56  Barracks  
  42  4:00  SCV x2  
  44  4:06  Siege Tank  
  44  4:08  Marine x2  
  49  4:14  SCV  
  49  4:15  SCV  
  48  4:20  Barracks Tech Lab  
  48  4:25  Supply Depot, Marine  
  48  4:26  SCV  
  48  4:30  Starport Reactor  
  50  4:31  SCV  
  50  4:35  Engineering Bay  
  50  4:38  SCV, Marine x2  
  53  4:42  Stimpack  
  54  4:46  SCV  
  54  4:48  Refinery  
  54  4:49  Marine  
  54  4:51  SCV  
  55  4:53  Combat Shield  
  55  4:55  Factory Reactor  
  55  4:58  SCV  
  56  5:01  Supply Depot  
  56  5:03  Terran Infantry Weapons Level 1  
  56  5:05  SCV  
  57  5:10  Marauder  
  57  5:11  Marauder  
  57  5:12  SCV  
  62  5:19  Refinery  
  62  5:23  SCV, Marine x2  
  62  5:24  Supply Depot  
  62  5:26  SCV  
  66  5:32  Marauder x2  
  70  5:36  Supply Depot  
  70  5:46  SCV x2, Medivac, Widow Mine x2  
  70  5:48  Supply Depot  
  78  5:57  Medivac  
  78  5:58  Marauder x2  
  78  5:59  SCV, Supply Depot  
  78  6:00  SCV  
  86  6:04  Missile Turret  
  86  6:07  Missile Turret  
  88  6:11  Widow Mine  
  88  6:12  Widow Mine  
  88  6:15  SCV  
  88  6:16  SCV  
  92  6:19  Marine  
  92  6:23  Concussive Shells  
  92  6:25  Supply Depot  
  93  6:29  Marauder x2  
  93  6:30  SCV  
  98  6:34  Widow Mine  
  98  6:36  Supply Depot  
  100  6:40  Marine x2  
  100  6:46  Medivac x2  
  100  6:47  Widow Mine  
  108  6:51  Marauder x2  
  101  7:00  Widow Mine  
  99  7:01  Marine x2  
  101  7:12  Marauder  
  101  7:14  Marauder  
  96  7:15  Command Center  
  96  7:18  Widow Mine  
  96  7:20  Medivac  
  96  7:21  Medivac  
  102  7:25  Marine x2  
  102  7:27  Widow Mine  
  102  7:36  Barracks  
  102  7:43  Marauder  
  106  7:44  Marauder  
  106  7:46  Barracks  
  106  7:49  Marine x2  
  108  8:01  SCV x2  
  108  8:03  Supply Depot  
  108  8:04  Marauder  
  108  8:05  Marauder, Widow Mine  
  116  8:07  Widow Mine  
  118  8:17  Marine  
Show
View Real Time Build Order
Export as new Build Order

ShoWTimE Protoss 

Build Orders: 1 Gate Expand, Oracle Opening 

Get SALT Encoding   

  12  0:00  Probe  
  13  0:12  Probe  
  14  0:17  Pylon  
  14  0:24  Probe (Chrono Boost)  
  15  0:36  Probe (Chrono Boost)  
  15  0:37  Gateway  
  16  0:44  Probe (Chrono Boost)  
  16  0:46  Assimilator  
  17  0:51  Probe  
  18  1:03  Probe  
  19  1:15  Probe  
  20  1:22  Nexus  
  20  1:31  Cybernetics Core  
  20  1:34  Probe  
  21  1:41  Assimilator  
  21  1:46  Probe  
  22  1:49  Pylon  
  22  1:58  Probe  
  23  2:04  Adept (Chrono Boost)  
  25  2:10  Probe  
  26  2:23  Probe (Chrono Boost)  
  26  2:25  Adept (Chrono Boost), Stargate  
  29  2:34  Probe (Chrono Boost)  
  31  2:38  Warp Gate  
  31  2:41  Probe (Chrono Boost)  
  31  2:43  Probe (Chrono Boost)  
  32  2:47  Adept, Probe (Chrono Boost)  
  32  2:48  Probe (Chrono Boost)  
  36  2:59  Probe  
  36  3:00  Probe  
  36  3:02  Pylon  
  38  3:11  Oracle (Chrono Boost), Probe  
  42  3:19  Probe  
  43  3:26  Probe  
  43  3:31  Probe  
  44  3:35  Gateway x2  
  44  3:38  Pylon, Probe  
  45  3:43  Probe  
  45  3:44  Oracle (Chrono Boost)  
  49  3:50  Probe  
  49  3:55  Probe  
  51  4:01  Nexus  
  48  4:03  Probe  
  48  4:08  Probe  
  48  4:15  Probe  
  46  4:18  Oracle (Chrono Boost)  
  46  4:20  Probe  
  49  4:29  Probe (Chrono Boost)  
  48  4:32  Probe (Chrono Boost)  
  48  4:33  Robotics Facility  
  48  4:37  Assimilator  
  49  4:39  Assimilator  
  49  4:43  Probe (Chrono Boost)  
  49  4:44  Probe (Chrono Boost)  
  49  4:45  Twilight Council  
  51  4:48  Probe (Chrono Boost)  
  51  4:51  Probe  
  53  4:57  Pylon  
  53  4:58  Probe  
  54  5:03  Probe  
  55  5:07  Sentry  
  55  5:08  Zealot x2  
  55  5:10  Probe  
  62  5:16  Probe x2  
  62  5:19  Immortal (Chrono Boost)  
  64  5:23  Probe  
  64  5:24  Charge (Chrono Boost)  
  64  5:28  Probe x2  
  70  5:33  Robotics Bay  
  70  5:35  Probe  
  72  5:40  Probe  
  72  5:41  Probe  
  74  5:43  Gateway  
  74  5:47  Probe  
  74  5:49  Pylon  
  75  5:50  Phoenix  
  75  5:51  Observer  
  75  5:52  Probe  
  75  5:53  Probe  
  75  5:56  Gateway  
  80  5:59  Stalker, Probe  
  83  6:05  Pylon  
  83  6:06  Probe x2  
  83  6:09  Gateway  
  86  6:11  Probe  
  86  6:15  Pylon  
  86  6:18  Disruptor (Chrono Boost)  
  86  6:22  Sentry, Zealot  
  95  6:30  Pylon  
  95  6:31  Zealot  
  93  6:41  Zealot  
  93  6:42  Pylon  
  93  6:46  Zealot x2  
  99  6:47  Disruptor  
  98  6:55  Zealot x2  
  102  7:05  Zealot x2  
  94  7:10  Zealot x2  
  94  7:12  Probe  
  85  7:17  Zealot x2  
  88  7:23  Disruptor (Chrono Boost)  
  88  7:25  Zealot x2  
  85  7:31  Phoenix  
  85  7:32  Shield Battery  
  85  7:34  Probe x2  
  85  7:35  Gateway, Shield Battery  
  85  7:36  Zealot x2  
  91  7:37  Pylon, Gateway  
  91  7:40  Zealot x2  
  95  7:47  Probe  
  95  7:48  Probe  
  95  7:51  Stalker x2  
  101  7:55  Stalker  
  109  7:59  Stalker  
  109  8:02  Zealot  
  109  8:05  Zealot  
  108  8:16  Zealot x2  
  99  8:23  Zealot x4  
  85  8:28  Zealot  
Tags
 
Add a new tag
Caveats
  • Supply blocks, unpowered buildings, or Contaminate may cause inaccurate times.
  • Supply counts are checked every 10 seconds.